Map: Lost and Found LE

Players

Rye - Winner!

  • Race: Zerg Zerg
  • League: Diamond
  • Spawn Location: 1:00

TheYakuza

  • Race: Zerg Zerg
  • League: Diamond
  • Spawn Location: 7:00

VOD

Have the link to the VOD?

Description

Time

  • Played on: Sept. 14, 2018, 5:26 p.m.
  • Length: 18:32
Show
View Real Time Build Order
Export as new Build Order

Rye Zerg - Winner!

Build Orders: Hatch First 

Get SALT Encoding   

  12  0:02  Drone  
  13  0:11  Drone  
  14  0:16  Overlord  
  14  0:35  Drone  
  15  0:36  Drone x2  
  17  0:53  Hatchery  
  17  0:56  Drone  
  17  0:59  Drone  
  18  1:11  Extractor  
  17  1:15  Spawning Pool  
  17  1:18  Drone  
  17  1:22  Drone  
  18  1:30  Drone  
  19  1:40  Overlord  
  19  1:52  Drone  
  20  2:03  Queen  
  20  2:04  Zergling x2  
  20  2:07  Zergling x2  
  24  2:16  Metabolic Boost  
  24  2:18  Zergling x4  
  24  2:20  Queen  
  28  2:30  Drone x2  
  28  2:34  Drone  
  31  2:37  Overlord  
  31  2:45  Drone  
  31  2:51  Drone  
  33  2:52  Baneling Nest  
  32  3:19  Drone x6  
  39  3:20  Drone  
  39  3:21  Overlord  
  39  3:22  Hatchery  
  38  3:34  Drone  
  38  3:35  Drone x4  
  43  3:44  Queen  
  43  3:45  Drone  
  46  3:49  Lair  
  46  3:52  Drone x2  
  48  4:04  Drone x3, Roach Warren  
  48  4:05  Drone  
  48  4:07  Extractor  
  48  4:08  Extractor  
  49  4:30  Drone x3  
  52  4:33  Overlord x2  
  52  4:58  Glial Reconstitution  
  52  5:06  Evolution Chamber  
  52  5:07  Evolution Chamber  
  48  5:13  Drone x4  
  48  5:14  Drone x13  
  65  5:25  Overseer  
  64  5:41  Zerg Missile Weapons Level 1  
  64  5:42  Zerg Ground Armor Level 1  
  63  5:55  Roach  
  63  5:56  Roach x4  
  73  5:58  Overlord x2  
  73  5:59  Extractor x2, Overlord x3  
  71  6:16  Roach  
  71  6:17  Roach x10  
  93  6:24  Roach x2  
  97  6:31  Roach x2  
  101  6:36  Extractor  
  100  6:42  Roach x5  
  100  6:44  Zergling x8  
  114  7:05  Overlord x4  
  112  7:09  Roach  
  113  7:26  Roach x8  
  117  7:30  Roach x2  
  108  7:38  Roach x5  
  116  7:46  Zerg Missile Weapons Level 2  
  110  7:56  Roach x8  
  126  8:05  Roach x2  
  130  8:13  Ravager  
  130  8:16  Ravager  
  130  8:17  Ravager  
  130  8:18  Ravager  
  134  8:20  Zergling x2  
  134  8:21  Zergling x16  
  143  8:41  Roach  
  143  8:46  Overlord x5  
  145  9:04  Roach x2  
  145  9:06  Roach x7  
  154  9:12  Hydralisk Den  
  147  9:25  Roach  
  147  9:26  Roach x5  
  147  9:30  Roach  
  136  9:35  Roach  
  111  9:39  Roach  
  111  9:40  Roach x4  
  111  9:44  Roach  
  105  9:51  Roach x2  
  109  9:56  Roach  
  111  10:02  Hatchery  
  111  10:05  Zergling x2  
  111  10:06  Zergling x4  
  113  10:19  Zerg Ground Armor Level 2  
  113  10:25  Zergling x18  
  122  10:29  Hatchery  
  122  10:33  Drone  
  122  10:34  Drone x2  
  124  10:38  Hatchery  
  122  10:48  Roach  
  122  10:49  Roach x8  
  135  11:06  Ravager x12  
  135  11:07  Ravager x2  
  135  11:10  Overseer  
  145  11:15  Drone x14  
  157  11:22  Pneumatized Carapace  
  157  11:25  Grooved Spines  
  157  11:34  Tunneling Claws  
  157  11:38  Overlord  
  157  11:39  Overlord  
  157  11:47  Extractor  
  156  11:48  Extractor  
  156  11:49  Spore Crawler  
  154  11:56  Ravager x5  
  154  11:58  Zergling x28  
  154  11:59  Zergling x4  
  175  12:08  Infestation Pit  
  174  12:17  Spore Crawler  
  174  12:19  Drone x5  
  174  12:20  Drone x6  
  174  12:21  Spine Crawler  
  171  12:54  Spire  
  167  12:59  Queen  
  167  13:04  Hive  
  168  13:08  Overlord  
  168  13:09  Overlord  
  168  13:10  Overlord  
  168  13:11  Overlord  
  168  13:13  Overlord  
  168  13:16  Zergling x2  
  168  13:17  Zergling x32  
  168  13:18  Zergling x14  
  192  13:29  Queen  
  194  13:35  Overseer  
  194  13:38  Drone  
  194  13:39  Drone x5  
  200  13:58  Baneling x12  
  200  13:59  Baneling x7  
  188  14:11  Centrifical Hooks  
  181  14:29  Greater Spire  
  179  14:32  Zerg Missile Weapons Level 3  
  179  14:33  Zerg Ground Armor Level 3  
  179  14:38  Extractor  
  179  14:39  Drone x7, Extractor  
  179  14:45  Spore Crawler  
  183  14:46  Spore Crawler  
  183  14:52  Baneling x2  
  180  15:08  Corruptor x6  
  180  15:09  Corruptor x4  
  199  15:28  Overseer  
  199  15:32  Zergling x2  
  199  16:06  Ravager  
  190  16:13  Brood Lord x5  
  196  16:31  Zergling x12  
  196  16:32  Zergling x10  
  177  16:46  Mutalisk  
  162  16:47  Mutalisk x14  
  151  17:12  Corruptor x3  
  151  17:13  Corruptor x2  
  158  17:28  Zergling x2  
  158  17:29  Zergling x46  
  171  17:37  Drone x8  
  177  17:51  Baneling, Hatchery  
  176  17:52  Baneling x14  
  176  17:53  Zergling x2  
  176  17:54  Zergling x16  
  185  18:02  Overlord  
  185  18:03  Overlord x2  
Show
View Real Time Build Order
Export as new Build Order

TheYakuza Zerg 

Build Orders: Hatch First, Lurkers 

Get SALT Encoding   

  12  0:02  Drone  
  13  0:13  Overlord  
  13  0:17  Drone  
  14  0:31  Drone x2  
  14  0:35  Drone  
  17  0:56  Hatchery  
  16  1:01  Drone x2  
  18  1:14  Extractor  
  18  1:15  Spawning Pool  
  18  1:17  Drone  
  17  1:20  Drone  
  18  1:28  Drone  
  19  1:39  Overlord  
  19  1:51  Drone  
  20  2:02  Zergling x2, Queen  
  20  2:08  Queen  
  23  2:11  Zergling x2  
  26  2:19  Baneling Nest  
  26  2:20  Drone  
  26  2:23  Drone x2  
  28  2:31  Drone  
  28  2:34  Drone  
  30  2:40  Overlord  
  30  2:51  Queen  
  30  2:52  Drone  
  30  2:53  Drone  
  30  2:55  Drone  
  35  3:03  Drone  
  36  3:08  Drone  
  36  3:11  Baneling x3  
  37  3:14  Spine Crawler  
  37  3:16  Zergling x4  
  37  3:17  Overlord  
  37  3:18  Drone  
  39  3:31  Drone x3  
  42  3:36  Roach Warren  
  42  3:37  Evolution Chamber  
  40  3:41  Drone, Evolution Chamber  
  40  3:42  Drone  
  40  3:48  Lair  
  41  3:50  Extractor  
  41  3:52  Drone  
  41  3:53  Drone  
  42  3:59  Drone  
  42  4:00  Overlord  
  42  4:02  Drone x5  
  48  4:09  Overlord  
  48  4:14  Drone  
  49  4:18  Zerg Missile Weapons Level 1  
  49  4:19  Extractor  
  48  4:26  Drone  
  48  4:27  Drone, Overlord  
  50  4:41  Drone  
  50  4:42  Overlord  
  50  4:43  Roach  
  50  4:44  Roach x4  
  61  4:53  Overlord  
  61  4:56  Hatchery  
  61  4:58  Glial Reconstitution  
  60  5:02  Roach  
  60  5:03  Roach  
  62  5:08  Drone x2, Extractor  
  62  5:09  Overlord  
  63  5:15  Overlord  
  63  5:17  Drone  
  63  5:18  Roach  
  66  5:23  Zerg Ground Armor Level 1  
  66  5:41  Overlord  
  66  5:46  Roach  
  66  5:47  Roach x6  
  80  5:55  Hydralisk Den  
  79  5:57  Overlord  
  79  5:59  Roach  
  79  6:02  Drone  
  82  6:10  Overlord  
  82  6:13  Overlord  
  82  6:19  Drone x3  
  85  6:26  Drone x5  
  85  6:30  Zerg Missile Weapons Level 2  
  90  6:33  Grooved Spines  
  90  6:35  Drone  
  90  6:36  Drone  
  92  6:42  Roach  
  92  6:43  Roach x2  
  98  6:49  Roach x4  
  98  6:51  Overlord x2  
  106  7:05  Roach  
  106  7:06  Roach x6  
  120  7:11  Roach  
  122  7:18  Roach x2  
  126  7:26  Roach x6  
  126  7:33  Roach  
  114  7:38  Roach x2  
  112  7:56  Drone  
  112  7:57  Drone x8  
  121  7:58  Extractor  
  121  8:00  Extractor  
  121  8:02  Overlord  
  119  8:11  Hatchery  
  118  8:14  Hydralisk, Zerg Ground Armor Level 2, Lurker Den  
  118  8:15  Hydralisk x3  
  125  8:26  Drone x5  
  125  8:27  Overlord  
  130  8:38  Roach  
  130  8:39  Roach x7  
  130  8:40  Overlord  
  146  8:53  Hydralisk x3  
  152  9:15  Hydralisk x10  
  162  9:25  Roach  
  162  9:26  Roach x3  
  154  9:35  Roach  
  154  9:36  Roach x2  
  154  9:38  Roach  
  144  9:43  Queen  
  138  9:56  Roach  
  138  9:57  Roach x4  
  148  10:09  Extractor  
  148  10:11  Lurker x2  
  148  10:12  Lurker x2, Extractor  
  148  10:13  Overseer  
  150  10:18  Hatchery  
  149  10:36  Lurker x2  
  149  10:37  Lurker  
  150  11:09  Roach x9  
  168  11:18  Overlord  
  168  11:28  Drone  
  169  11:38  Spore Crawler  
  169  11:39  Spore Crawler  
  167  11:41  Spore Crawler  
  167  11:42  Spore Crawler, Drone x3  
  167  11:43  Spore Crawler, Overlord  
  167  11:44  Spore Crawler  
  167  11:46  Spore Crawler  
  165  11:47  Spore Crawler  
  165  11:50  Queen  
  165  11:52  Roach  
  165  11:53  Roach x7  
  182  11:54  Drone  
  182  12:01  Infestation Pit, Queen  
  182  12:03  Overseer  
  182  12:04  Overseer  
  182  12:06  Drone x7  
  191  12:15  Spore Crawler x2, Overlord x2  
  190  12:16  Spore Crawler  
  186  13:12  Hive  
  186  13:13  Queen  
  186  13:16  Hydralisk x5  
  186  13:18  Drone  
  199  13:34  Hatchery  
  198  13:38  Drone  
  198  13:39  Overlord  
  199  13:47  Pneumatized Carapace  
  199  13:54  Spire  
  194  14:05  Queen  
  174  14:28  Drone x10  
  176  14:34  Extractor  
  175  14:41  Queen  
  175  14:45  Viper x7  
  197  15:01  Queen  
  197  15:05  Overlord  
  197  15:07  Overseer  
  199  15:11  Greater Spire  
  192  15:30  Drone x3  
  195  15:36  Queen  
  186  16:14  Lurker x3  
  186  16:15  Lurker x2, Hydralisk x3  
  186  16:16  Hydralisk x2  
  177  16:46  Corruptor  
  177  16:47  Corruptor x3, Hydralisk x6  
  159  16:48  Hydralisk x11  
  159  16:53  Hydralisk  
  159  17:07  Hydralisk  
  159  17:08  Hydralisk x4  
  155  17:10  Hydralisk x2  
  155  17:13  Corruptor, Overlord x2  
  158  17:25  Hydralisk x5  
  145  17:37  Corruptor x4  
  145  17:43  Drone  
  146  17:54  Overlord  
  146  17:55  Hydralisk x2  
  150  17:58  Drone  
  150  17:59  Drone  
Tags
 
Add a new tag
Caveats
  • Supply blocks, unpowered buildings, or Contaminate may cause inaccurate times.
  • Supply counts are checked every 10 seconds.